 Dungeon Crawl Stone Soup version 0.20-a0-1034-gb277f92 (webtiles) character file.

961 HankScorpio the Firebug (level 7, -20/36 HPs)
             Began as a Deep Elf Fire Elementalist on Apr 21, 2017.
             Was a Follower of Vehumet.
             Demolished by an orc warrior
             ... wielding a +0 mace
              (22 damage)
             ... on level 6 of the Dungeon.
             The game lasted 00:15:48 (6617 turns).

HankScorpio the Firebug (DEFE)                      Turns: 6617, Time: 00:15:49

Health: -20/36     AC:  2    Str:  3    XL:     7   Next: 92%
Magic:  11/28      EV: 13    Int: 22    God:    Vehumet [*.....]
Gold:   321        SH:  0    Dex: 15    Spells: 8/19 levels left

rFire    . . .     SeeInvis .   a - +0 hunting sling (freeze)
rCold    . . .     Gourm    .   (no shield)
rNeg     + + +     Faith    .   s - +1 robe
rPois    .         Spirit   .   (no helmet)
rElec    +         Reflect  .   (no cloak)
rCorr    .         Harm     .   (no gloves)
MR       .....                  A - -2 pair of boots of the Garden {rElec rN+++ MP+9 Str-2}
Stlth    ++........             (no amulet)
Regen    0.2/turn               (no ring)
MPRegen  0.3/turn               (no ring)

@: very slightly contaminated
A: no striking features
a: Renounce Religion


You were on level 6 of the Dungeon.
You worshipped Vehumet.
Vehumet was aware of your devotion.
You were not hungry.

You visited 1 branch of the dungeon, and saw 6 of its levels.

You collected 321 gold pieces.

Inventory:

Hand Weapons
 a - a +0 hunting sling of freezing (weapon)
 b - a +3 whip of venom
 o - a +0 blowgun
Missiles
 m - 34 poisoned needles
 t - 59 sling bullets (quivered)
Armour
 s - a +1 robe (worn)
 A - the -2 pair of boots of the Garden (worn) {rElec rN+++ MP+9 Str-2}
   (You found it on level 5 of the Dungeon)

   It affects your strength (-2).
   It insulates you from electricity.
   It renders you almost immune to negative energy.
   It affects your magic capacity (+9).
 F - a +1 pair of boots
Jewellery
 E - a cursed ring of protection from magic {unknown}
Wands
 C - a wand of digging (13/24)
Scrolls
 e - 2 scrolls of fog {unknown}
 f - 2 scrolls of enchant armour
 g - 3 scrolls of recharging {unknown}
 i - a scroll of immolation {unknown}
 k - a scroll of noise {unknown}
 q - 2 scrolls of remove curse {unknown}
 u - 4 scrolls of teleportation {unknown}
 x - 3 scrolls of magic mapping {unknown}
 z - a scroll of amnesia {unknown}
 B - a scroll of enchant weapon {unknown}
 D - 4 scrolls of identify {unknown}
Potions
 d - 3 potions of curing {unknown}
 h - a potion of haste {unknown}
 j - 2 potions of lignification {unknown}
 l - a potion of cancellation {unknown}
 n - a potion of agility {unknown}
 r - 3 potions of might {unknown}
 w - a potion of brilliance {unknown}
 G - a potion of invisibility {unknown}
 H - 2 potions of heal wounds {unknown}
Books
 p - a book of Flames

   Spells                             Type                      Level
   a - Flame Tongue                   Conjuration/Fire             1
   b - Throw Flame                    Conjuration/Fire             2
   c - Conjure Flame                  Conjuration/Fire             3
   d - Inner Flame                    Hexes/Fire                   3
   e - Sticky Flame                   Conjuration/Fire             4
   f - Fireball                       Conjuration/Fire             5
 y - a book of Misfortune

   Spells                             Type                      Level
   a - Confusing Touch                Hexes                        1
   b - Confuse                        Hexes                        3
   c - Gell's Gravitas                Translocation                3
   d - Petrify                        Transmutation/Earth          4
   e - Metabolic Englaciation         Hexes/Ice                    5
   f - Yara's Violent Unravelling     Hexes/Transmutation          5
Comestibles
 c - 3 bread rations
 v - 6 fruits


   Skills:
 - Level 2.4 Dodging
 - Level 2.4 Stealth
 + Level 6.7 Spellcasting
 * Level 5.6 Conjurations
 * Level 7.2 Fire Magic


You had 8 spell levels left.
You knew the following spells:

 Your Spells              Type           Power        Failure   Level  Hunger
a - Flame Tongue          Conj/Fire      #####        1%          1    None
b - Throw Flame           Conj/Fire      #####.       1%          2    None
c - Sticky Flame          Conj/Fire      #####...     6%          4    ###....
d - Conjure Flame         Conj/Fire      #####...     1%          3    #......
e - Sting                 Conj/Pois      ###.         2%          1    None


Dungeon Overview and Level Annotations

Branches:
Dungeon (6/15)             Temple (0/1) D:4

Altars:
Dithmenos
Gozag
Ru
Sif Muna
Trog
Vehumet

Annotations:
D:6 Magifyre's ghost, novice GrFi


Message History

Aiming: Sticky Flame
Press: ? - help, Shift-Dir - straight line, f/p - orc warrior
Aim: an orc warrior, wielding a mace and wearing a plate armour (heavily wounded, covered in liquid flames)
The sticky flame hits the orc warrior.
The orc warrior is heavily wounded.
The orc warrior is covered in liquid flames!
The orc shouts!
The orc warrior burns!
The orc warrior hits you with a mace!
* * * LOW HITPOINT WARNING * * *
Casting: Sticky Flame
Confirm with . or Enter, or press ? or * to list all spells.
Aiming: Sticky Flame
Press: ? - help, Shift-Dir - straight line, f/p - orc warrior
Aim: an orc warrior, wielding a mace and wearing a plate armour (severely wounded, covered in liquid flames)
The sticky flame hits the orc warrior.
The orc warrior is severely wounded.
The orc warrior is covered in liquid flames!
The orc warrior burns!
The orc warrior hits you with a mace!!
Ouch! That really hurt!
You die...

.... .... ...#########
##### #.........#
#.... #.........#
#....
#.........#####....
#.........#...#....
##.........#...#....
#..@.......'....####
+..o.......##'#.# #
#......#####...##
#......#........#
#..o...#.......##
#.oo...#.......##
#......#........#
######..((..#.########
#.........###.###....#


You could see an orc warrior (burning), an orc priest and 2 orcs.

Vanquished Creatures
  2 ogres (D:4)
  A centaur (D:5)
  A bullfrog (D:6)
  A scorpion (D:6)
  A howler monkey (D:6)
  2 crimson imps (D:5)
  3 hounds
  A jelly (D:5)
  2 orc wizards
  An iguana (D:5)
  5 worker ants
  A hound zombie (D:5)
  A worker ant zombie (D:6)
  5 adders
  An adder skeleton (D:4)
  A worm (D:5)
  A dart slug (D:2)
  3 leopard geckos
  8 orcs
  A ball python (D:3)
  7 bats
  9 giant cockroaches
  5 goblins
  4 hobgoblins
  10 jackals
  11 quokkas
  A frilled lizard (D:4)
  10 kobolds
  A leopard gecko skeleton (D:4)
  8 rats
108 creatures vanquished.

Vanquished Creatures (others)
  A kobold (D:3)
1 creature vanquished.

Grand Total: 109 creatures vanquished

Notes
Turn   | Place    | Note
-------+----------+-------------------------------------------
     0 | D:1      | HankScorpio the Deep Elf Fire Elementalist began the quest for the Orb.
     0 | D:1      | Reached XP level 1. HP: 10/10 MP: 6/6
   388 | D:1      | Reached XP level 2. HP: 15/15 MP: 6/8
  1027 | D:2      | Found a shadowy altar of Dithmenos.
  1032 | D:2      | Found an opulent altar of Gozag.
  1032 | D:2      | Found a deep blue altar of Sif Muna.
  1047 | D:2      | Reached XP level 3. HP: 19/19 MP: 7/10
  1200 | D:2      | Reached skill level 4 in Fire Magic
  1437 | D:2      | Reached XP level 4. HP: 24/24 MP: 10/12
  2094 | D:3      | Found a radiant altar of Vehumet.
  2115 | D:3      | Became a worshipper of Vehumet
  2625 | D:3      | Found a bloodstained altar of Trog.
  2710 | D:4      | Noticed an ogre
  2732 | D:4      | Killed an ogre
  2732 | D:4      | Reached skill level 5 in Spellcasting
  2732 | D:4      | Reached skill level 5 in Fire Magic
  2732 | D:4      | Reached XP level 5. HP: 5/28 MP: 8/14
  3022 | D:4      | Noticed an ogre
  3028 | D:4      | Killed an ogre
  3028 | D:4      | Reached XP level 6. HP: 32/32 MP: 11/16
  3032 | D:4      | Learned a level 2 spell: Throw Flame
  3037 | D:4      | Learned a level 4 spell: Sticky Flame
  3042 | D:4      | Learned a level 3 spell: Conjure Flame
  3104 | D:4      | Found a staircase to the Ecumenical Temple.
  3697 | D:4      | Reached * piety under Vehumet
  3697 | D:4      | Offered knowledge of Sting by Vehumet.
  3697 | D:4      | Reached skill level 6 in Fire Magic
  3700 | D:4      | Learned a level 1 spell: Sting
  4174 | D:5      | Entered Level 5 of the Dungeon
  4302 | D:5      | Reached XP level 7. HP: 30/36 MP: 14/17
  4305 | D:5      | Got a pair of polished boots
  4311 | D:5      | Identified the -2 pair of boots of the Garden {rElec rN+++ MP+9 Str-2} (You found it on level 5 of the Dungeon)
  5021 | D:5      | Found a sacrificial altar of Ru.
  5147 | D:5      | Reached skill level 5 in Conjurations
  6138 | D:6      | Noticed Magifyre's ghost (novice GrFi)
  6242 | D:6      | Reached skill level 7 in Fire Magic
  6617 | D:6      | Demolished by an orc warrior

Vault maps used:
D:1:      dpeg_arrival_three_same_balls
D:2:      grunt_temple_overflow_open
D:3:      fiery_altar_vehumet, marbit_many_paths
D:4:      minmay_temple_entry_statues_pillars
D:5:      overflow_temple_1_default, first_bread,
          corexii_item_surrounded_by_moat

Skill      XL: |  1  2  3  4  5  6  7 |
---------------+----------------------+-----
Spellcasting   | 4 5 6 |  6.7
Fire Magic     | 4 5 6 7 |  7.2
Conjurations   | 2 3 4 5 |  5.6
Dodging        | |  2.4
Stealth        | |  2.4

Action                   |  1- 3 |  4- 6 |  7- 9 || total
-------------------------+-------+-------+-------++-------
Melee: Unarmed           |     3 |     3 |       ||     6
       Whip              |       |    13 |    41 ||    54
 Fire: Hunting sling     |       |    62 |    56 ||   118
 Cast: Flame Tongue      |    63 |    87 |    39 ||   189
       Throw Flame       |       |     2 |     1 ||     3
       Sticky Flame      |       |     1 |    11 ||    12
       Sting             |       |       |    31 ||    31
  Use: Scroll            |       |       |     1 ||     1
 Stab: Sleeping          |     1 |       |       ||     1
  Eat: Chunk             |     1 |     9 |       ||    10
       Bread ration      |       |       |     2 ||     2
Armor: Robe              |     4 |     8 |    13 ||    25
Dodge: Dodged            |    30 |    48 |    62 ||   140
